 Dungeon Crawl Stone Soup version 0.20.1-1-g8b1a95d (webtiles) character file.

135 Jazqa the Skirmisher (level 4, 0/38 HPs)
             Began as a Demonspawn Abyssal Knight on Oct 27, 2017.
             Was a Believer of Lugonu.
             Slain by an orc (5 damage)
             ... on level 3 of the Dungeon.
             The game lasted 00:03:28 (2723 turns).

Jazqa the Skirmisher (Demonspawn Abyssal Knight)    Turns: 2723, Time: 00:03:28

Health: 0/38       AC:  6    Str: 14    XL:     4   Next: 96%
Magic:  3/5        EV: 11    Int: 13    God:    Lugonu [**....]
Gold:   101        SH:  0    Dex: 12    Spells: 3/3 levels left

rFire    + . .     SeeInvis .   a - +1 mace
rCold    . . .     Gourm    .   (no shield)
rNeg     . . .     Faith    .   l - +3 leather armour {rF+}
rPois    .         Spirit   .   (no helmet)
rElec    .         Reflect  .   (no cloak)
rCorr    .         Harm     .   (no gloves)
MR       .....                  (no boots)
Stlth    +.........             (no amulet)
Regen    0.2/turn               (no ring)
MPRegen  0.1/turn               (no ring)

@: no status effects
A: spiny 2
a: Depart the Abyss, Bend Space, Renounce Religion


You were on level 3 of the Dungeon.
You worshipped Lugonu.
Lugonu was pleased with you.
You were hungry.

You visited 1 branch of the dungeon, and saw 4 of its levels.
You visited the Abyss 1 time.

You collected 101 gold pieces.


Innate Abilities, Weirdness & Mutations

You are mostly covered in sharp spines.


   Skills:
 + Level 4.6 Fighting
 + Level 3.4 Maces & Flails
 - Level 1.7 Armour
 - Level 0.8 Dodging
 - Level 2.4 Invocations


You had 3 spell levels left.
You didn't know any spells.

Inventory:

Hand Weapons
 a - a +1 mace (weapon)
Armour
 l - a +3 leather armour of fire resistance (worn)
Potions
 g - a potion of cancellation {unknown}
 i - a potion of brilliance
 j - a potion of berserk rage {unknown}
 m - a potion of agility {unknown}
 o - a potion of mutation {unknown}
Comestibles
 c - a bread ration {@e1}
 d - a royal jelly {@e3}
 f - 2 meat rations {@e1}

Dungeon Overview and Level Annotations

Branches:
Dungeon (4/15)
 Temple: D:4-7

Altars:
Nemelex Xobeh
Trog

Annotations:
D:3 Sigmund; bmj180's ghost, amateur HOFi

######## #
##.##§@.###..###
#...@.oo§goo....
##.##...###..###
#.###### # #@#
#.# #.# #.# #.#


You could see Sigmund, 4 orcs and a goblin.


Message History

You are confused.
Unknown command.
You're too confused!
You bump into the rock wall.
Unknown command.
Unknown command.
You feel less confused.
Unknown command.
Bmj180's ghost wails, "They lied to you.
The Dungeon just goes down and down forever."
An orc comes into view. It is wielding a hand axe.
The orc shouts!
An orc comes into view. x2
A goblin comes into view. It is wielding a club.
The goblin shouts!
An orc comes into view. It is wielding a hand axe.
Use which ability? (? or * to list)
You fail to use your ability.
The orc shouts!
Use which ability? (? or * to list) Space bends around you!
You blink.
The orc shouts!
The orc is struck by your spines. The orc hits you but does no damage.
The goblin is struck by your spines. The goblin hits you but does no damage.
Unknown command.
Use which ability? (? or * to list) Space bends around you!
You blink.
The teleport trap disappears.
Bmj180's ghost disappears!
The orc barely misses you. The orc hits you.
You die...

Skill      XL: |  1  2  3 |
---------------+----------+-----
Maces & Flails | 2 3 |  3.4
Fighting       | 4 |  4.6
Armour         | |  1.7
Dodging        | |  0.8
Invocations    | |  2.4

Action                   |  1- 3 |  4- 6 || total
-------------------------+-------+-------++-------
Melee: Mace              |    59 |    24 ||    83
Invok: Bend Space        |       |     5 ||     5
  Use: Scroll            |     4 |     5 ||     9
  Eat: Chunk             |     3 |     2 ||     5
Armor: Leather armour    |    23 |    11 ||    34
Dodge: Dodged            |    50 |    15 ||    65

Vault maps used:
D:1:      dpeg_arrival_water_temple_mockup, nemelex_diamond_rough_becter
D:2:      serial_bayou_pond_a, hangedman_abyss_or_decor_lesser_grid,
          trog_three_pillars_becter
D:3:      first_bread, uniq_jessica
D:4:      minmay_temple_entry_nine_rooms, minivault_14, kennysheep_path_1,
          hangedman_abyss_or_decor_passed, uniq_blork_the_orc, uniq_robin,
          uniq_sigmund

Notes
Turn   | Place    | Note
-------+----------+-------------------------------------------
     0 | Abyss:1  | Jazqa the Demonspawn Abyssal Knight began the quest for the Orb.
     0 | Abyss:1  | Reached XP level 1. HP: 18/18 MP: 2/2
     6 | D:1      | You pass through the gate.
     6 | D:1      | Escaped the Abyss
   214 | D:1      | Reached skill level 2 in Maces & Flails
   710 | D:1      | Found a sparkling altar of Nemelex Xobeh.
   759 | D:1      | Gained mutation: You are partially covered in sharp spines. [demonic ancestry]
   759 | D:1      | Reached XP level 2. HP: 17/24 MP: 3/3
   981 | D:2      | Found a bloodstained altar of Trog.
  1090 | D:2      | Gained mutation: You are mostly covered in sharp spines. [demonic ancestry]
  1090 | D:2      | Reached XP level 3. HP: 29/29 MP: 4/4
  1452 | D:2      | Reached ** piety under Lugonu
  1604 | D:2      | Reached skill level 4 in Fighting
  1971 | D:2      | Reached skill level 3 in Maces & Flails
  1971 | D:2      | Reached XP level 4. HP: 32/37 MP: 5/5
  2267 | D:3      | Noticed Jessica
  2273 | D:3      | Killed Jessica
  2475 | D:3      | Noticed bmj180's ghost (amateur HOFi)
  2685 | D:4      | Noticed Sigmund
  2723 | D:3      | Slain by an orc

Vanquished Creatures
  Jessica (D:3)
  A worker ant (D:4)
  4 adders (D:2)
  2 worms (D:2)
  3 leopard geckos
  A giant cockroach (D:4)
  4 goblins
  4 hobgoblins
  A quokka (D:3)
  7 bats
  2 frilled lizards
  5 kobolds
  7 rats
42 creatures vanquished.
